 Dungeon Crawl Stone Soup version 0.21-a0-442-g848f44b (webtiles) character file.

50 slep the Skirmisher (level 3, 0/29 HPs)
             Began as a Demonspawn Monk on Nov 13, 2017.
             Was a Priest of Kikubaaqudgha.
             Slain by a worm (6 damage)
             ... on level 2 of the Dungeon.
             The game lasted 00:05:34 (1296 turns).

slep the Skirmisher (Demonspawn Monk)               Turns: 1296, Time: 00:05:35

Health: 0/29       AC:  5    Str: 11    XL:     3   Next: 55%
Magic:  3/3        EV: 12    Int: 11    God:    Kikubaaqudgha [***...]
Gold:   94         SH:  0    Dex: 16    Spells: 2/2 levels left

rFire    . . .     SeeInvis .   a - +0 falchion
rCold    . . .     Gourm    .   (no shield)
rNeg     . . .     Faith    .   k - +0 ring mail
rPois    .         Spirit   .   (no helmet)
rElec    .         Reflect  .   (no cloak)
rCorr    .         Harm     .   (no gloves)
MR       .....                  (no boots)
Stlth    +.........             (no amulet)
HPRegen  0.09/turn              (no ring)
MPRegen  0.08/turn              (no ring)

@: no status effects
A: demonic guardian 2
a: Receive Corpses, Renounce Religion


You were on level 2 of the Dungeon.
You worshipped Kikubaaqudgha.
Kikubaaqudgha was most pleased with you.
You were not hungry.

You visited 1 branch of the dungeon, and saw 2 of its levels.

You collected 94 gold pieces.

Inventory:

Hand Weapons
 a - a +0 falchion (weapon)
Armour
 b - a +0 robe
 k - a +0 ring mail (worn)
Scrolls
 f - a scroll of enchant armour {unknown}
 g - 5 scrolls of identify {unknown}
 h - a scroll of teleportation {unknown}
 m - 3 scrolls of fear {unknown}
Potions
 d - a potion of ambrosia {unknown}
 e - 2 potions of brilliance {unknown}
 j - a potion of mutation {unknown}
 n - a potion of curing {unknown}
 o - a potion of agility {unknown}
Books
 l - Kikubaaqudgha's Catalogue of Sinister Secrets
   (Kikubaaqudgha gifted it to you on level 2 of the Dungeon)

   Spells                             Type                      Level
   a - Animate Skeleton               Necromancy                   1
   b - Corpse Rot                     Necromancy                   2
   c - Sublimation of Blood           Necromancy                   2
   d - Vampiric Draining              Necromancy                   3
   e - Control Undead                 Necromancy                   4
 p - Kikubaaqudgha's Almanac of Sinister Rites
   (Kikubaaqudgha gifted it to you on level 2 of the Dungeon)

   Spells                             Type                      Level
   a - Animate Dead                   Necromancy                   4
   b - Agony                          Necromancy                   5
   c - Cigotuvi's Embrace             Necromancy                   5
   d - Dispel Undead                  Necromancy                   5
   e - Simulacrum                     Ice/Necromancy               6
Comestibles
 c - 2 bread rations
 i - a royal jelly
 q - a chunk of flesh


   Skills:
 + Level 3.4 Fighting
 + Level 3.2 Long Blades
 + Level 0.2 Armour
 + Level 3.2 Dodging
 + Level 2.0 Stealth


You had 2 spell levels left.
You didn't know any spells.

Dungeon Overview and Level Annotations

Branches:
Dungeon (2/15)

Altars:
Cheibriados
Dithmenos
Kikubaaqudgha


Innate Abilities, Weirdness & Mutations

A demonic guardian rushes to your aid.


Message History

You hit the worm.
The worm is almost dead.
The worm bites you.
* * * LOW HITPOINT WARNING * * *
You hit the worm.
The worm is almost dead.
You hit the worm but do no damage.
The worm is almost dead.
The worm bites you but does no damage.
You hit the worm.
The worm is almost dead.
The worm bites you.
* * * LOW HITPOINT WARNING * * *
You barely miss the worm.
The worm is almost dead.
Your ring mail prevents you from hitting the worm.
The worm is almost dead.
The worm bites you.
You die...
Kikubaaqudgha rasps: "You have failed me!
Welcome... death!"

#######.#.##.##......#.#.#......#
# #.#.##.##.....#.#.#.#.....# #
#.#.##.##....#.##.##.#....# #
#.#.##.##...#.###.###.#...# #
#.#.##.##..#.## #.# ##.#..# #
#.#.#..##.#.## #.# ##.#.# #
#.#....###.## #.# ##.## ###
.#.....######.#### ###
§§#####.........@....#
#§............##w###.#
.............##.#K#
.#########..##.# #.. ## #..#..
.... # #..## .### #.. %. .. ...


You could see a worm and a kobold.

Vanquished Creatures
  An adder (D:2)
  A dart slug (D:2)
  2 leopard geckos
  5 giant cockroaches
  3 goblins
  3 hobgoblins
  5 bats
  2 frilled lizards (D:2)
  8 kobolds
  5 rats
35 creatures vanquished.

Notes
Turn   | Place    | Note
-------+----------+-------------------------------------------
     0 | D:1      | slep the Demonspawn Monk began the quest for the Orb.
     0 | D:1      | Reached XP level 1. HP: 18/18 MP: 1/1
   188 | D:1      | Gained mutation: A weak demonic guardian rushes to your aid. [demonic ancestry]
   188 | D:1      | Reached XP level 2. HP: 24/24 MP: 2/2
   849 | D:2      | Found a faded altar of an unknown god.
   855 | D:2      | Became a worshipper of Kikubaaqudgha
   855 | D:2      | Reached * piety under Kikubaaqudgha
   855 | D:2      | Identified Kikubaaqudgha's Catalogue of Sinister Secrets (Kikubaaqudgha gifted it to you on level 2 of the Dungeon)
   855 | D:2      | Received a gift from Kikubaaqudgha
   855 | D:2      | Reached ** piety under Kikubaaqudgha
   882 | D:2      | Found a shadowy altar of Dithmenos.
   999 | D:2      | Gained mutation: A demonic guardian rushes to your aid. [demonic ancestry]
   999 | D:2      | Reached XP level 3. HP: 29/29 MP: 3/3
  1149 | D:2      | Reached *** piety under Kikubaaqudgha
  1149 | D:2      | Identified Kikubaaqudgha's Almanac of Sinister Rites (Kikubaaqudgha gifted it to you on level 2 of the Dungeon)
  1149 | D:2      | Received a gift from Kikubaaqudgha
  1176 | D:2      | Found a snail-covered altar of Cheibriados.
  1296 | D:2      | Slain by a worm

Vault maps used:
D:1:      lemuel_arrival_lava_pool, corexii_corridor_pit
D:2:      wad_pebble_path, old_standard_altar, nicolae_overflow_crystal_walls,
          grunt_dithmenos_smoke_and_mirrors, chequers_ecumenical_altar_simple

Skill      XL: |  1  2  3 |
---------------+----------+-----
Dodging        | 3 |  3.2
Long Blades    | 3 |  3.2
Stealth        | 2 |  2.0
Fighting       | |  3.4
Armour         | |  0.2

Action                   || total
-------------------------++-------
Melee: Falchion          ||   115
 Stab: Sleeping          ||     2
  Eat: Chunk             ||     1
Armor: Robe              ||     5
       Ring mail         ||    29
Dodge: Dodged            ||    82
       Rpst.: Falchion   ||    28

Table legend:
 A = Spawn XP
 B = Non-spawn XP
 C = Spawn XP percentage of total XP
 D = Spawn monster count
 E = Non-spawn monster count
 F = Spawn count percentage of total count
 G = Total turns spent on level
                    A         B        C        D         E        F      G
               +---------+---------+-------+---------+---------+-------+---------
         Total |       0 |      72 |   0.0 |       0 |      35 |   0.0 |  1296
               +---------+---------+-------+---------+---------+-------+---------
           D:1 |       0 |      27 |   0.0 |       0 |      16 |   0.0 |   748
           D:2 |       0 |      45 |   0.0 |       0 |      19 |   0.0 |   548
               +---------+---------+-------+---------+---------+-------+---------
